 Dungeon Crawl Stone Soup version 0.23.2-40-g277498a001 (webtiles) character file.

Game seed: 10848364108751940057

2368 Iskender the Cleaver (level 9, -3/118 HPs)
             Began as a Hill Orc Berserker on Oct 4, 2019.
             Was a High Priest of Trog.
             Slain by a manticore (9 damage)
             ... on level 8 of the Dungeon.
             The game lasted 00:38:37 (6713 turns).

Iskender the Cleaver (Hill Orc Berserker)           Turns: 6713, Time: 00:38:37

Health: -3/118     AC: 24    Str: 28    XL:     9   Next: 44%
Magic:  9/9        EV:  2    Int: 12    God:    Trog [*****.]
Gold:   543        SH:  5    Dex: 13    Spells: 8/8 levels left

rFire    . . .     SeeInvis .   a - +1 war axe
rCold    . . .     Gourm    .   b - +0 buckler
rNeg     + + +     Faith    .   (armour currently unavailable)
rPois    +         Spirit   .   (helmet currently unavailable)
rElec    .         Reflect  .   (cloak currently unavailable)
rCorr    .         Harm     .   (gloves currently unavailable)
MR       .....     NoTele   +   (boots currently unavailable)
Stlth    +.........             x - amulet of rage
HPRegen  0.29/turn              n - +3 ring of strength
MPRegen  0.11/turn              (no ring)

@: mighty, brilliant, tree-form, berserk cooldown, slowed, very slow
A: no striking features
a: Berserk, Trog's Hand, Brothers in Arms, Renounce Religion, Evoke Berserk Rage


You were on level 8 of the Dungeon.
You worshipped Trog.
Trog was extremely pleased with you.
You were not hungry.
You were a tree.
You visited 2 branches of the dungeon, and saw 9 of its levels.
You also visited: Ossuary.

You collected 543 gold pieces.

Inventory:

Hand Weapons
 a - a +1 war axe (weapon)
 f - a +1 hunting sling of freezing
 v - a +0 blowgun
 A - a +1 short sword of venom
 C - a +0 trident
 H - a +0 morningstar of protection
Missiles
 d - 159 stones (quivered)
 h - 74 sling bullets
 k - 5 javelins
 s - 77 bolts
 G - 6 javelins of penetration
 K - 4 steel tomahawks
 N - 2 poisoned needles
 S - 5 curare-tipped needles
Armour
 b - a +0 buckler (worn)
 i - a +0 pair of gloves (melded)
 o - a +0 pair of boots (melded)
 E - a +2 chain mail of cold resistance (melded)
Jewellery
 n - a +3 ring of strength (left branch)
 r - an uncursed amulet of harm
 x - an amulet of rage (around neck)
 Q - an uncursed ring of magical power {unknown}
Wands
 y - a wand of acid (9)
 O - a wand of paralysis (8)
Scrolls
 g - 4 scrolls of remove curse
 j - 3 scrolls of teleportation
 q - a scroll of enchant armour {unknown}
 t - a scroll of fog
 u - a scroll of enchant weapon
 z - a scroll of blinking
 D - 2 scrolls of identify
 L - a scroll of magic mapping {unknown}
 M - 2 scrolls of immolation
Potions
 e - a potion of agility
 l - a potion of mutation
 m - a potion of brilliance
 B - 3 potions of curing
 F - 3 potions of might
 I - a potion of flight
 J - a potion of cancellation
 P - a potion of berserk rage {unknown}
Comestibles
 c - 10 rations


   Skills:
 + Level 7.2 Fighting
 - Level 12.0 Axes
 - Level 4.1 Throwing
 - Level 2.1 Armour
 - Level 1.5 Dodging
 - Level 5.0 Shields


You had 8 spell levels left.
You didn't know any spells.
Your spell library was empty.

Dungeon Overview and Level Annotations

Branches:
Dungeon (8/15)             Temple (1/1) D:7
   Lair: D:8-11

Altars:
Ashenzari
Cheibriados
Dithmenos
Elyvilon
Fedhas
Gozag
Hepliaklqana
Kikubaaqudgha
Makhleb
Nemelex Xobeh
Okawaru
Qazlal
Ru
Sif Muna
Trog
Uskayaw
Vehumet
Wu Jian
Xom
Yredelemnul
Zin
The Shining One

Shops:
D:7 [


Message History

Your +2 chain mail of cold resistance melds into your body.
You feel less resistant to cold.
Your roots penetrate the ground.
You block the manticore's attack.
The manticore claws you but does no damage.
You block the manticore's attack. The manticore bites you!
* * * LOW HITPOINT WARNING * * *
The manticore claws you.
* * * LOW HITPOINT WARNING * * *
The manticore claws you but does no damage.
Okay, then.
It was a potion of brilliance.
You feel clever all of a sudden.
The manticore bites you but does no damage.
The manticore claws you but does no damage.
The manticore claws you.
* * * LOW HITPOINT WARNING * * *
It was a potion of might.
You feel very mighty all of a sudden. The manticore bites you!
You die...

##########################
..........................
..........................
..........................
........H♣.)).............
...##..##.##)...##'##...##
#.. ####....##.####'##
.o.. #...............
..... #...............
.ooo... #...............
....o.. +...............
#...... #...............
##..##...##.....


You could see a manticore.

Vanquished Creatures
  Joseph (D:7)
  Duvessa (D:5)
  A necrophage (D:7)
  A phantom (D:6)
  3 ogres
  A centaur (D:6)
  An elf zombie (Ossuary)
  A scorpion (D:4)
  A howler monkey (D:6)
  3 crimson imps
  2 centaur zombies (Ossuary)
  A human zombie (Ossuary)
  4 orc wizards
  5 orc priests
  3 jellies
  A centaur skeleton (D:7)
  An iguana (D:6)
  4 worker ants
  Terence (D:3)
  2 hound zombies (Ossuary)
  A hound skeleton (D:5)
  4 mummies
  7 gnolls
  12 adders
  A shadow imp (D:5)
  2 oozes (D:1)
  An adder skeleton (D:4)
  6 adder zombies (Ossuary)
  2 worms
  3 dart slugs
  7 leopard geckos
  23 orcs
  6 bats
  3 giant cockroaches
  18 goblins
  10 hobgoblins
  20 kobolds
  4 quokkas
  3 ball pythons
  9 frilled lizards
  3 gnoll zombies (Ossuary)
  2 goblin zombies (Ossuary)
  7 hobgoblin zombies (Ossuary)
  4 jackal zombies (Ossuary)
  2 kobold zombies (Ossuary)
  A leopard gecko skeleton (D:5)
  An orc zombie (Ossuary)
  A quokka skeleton (D:6)
  9 rats
  3 rat zombies (Ossuary)
213 creatures vanquished.

Vanquished Creatures (collateral kills)
  Dowan (D:5)
1 creature vanquished.

Grand Total: 214 creatures vanquished

Notes
Turn   | Place    | Note
-------+----------+-------------------------------------------
     0 | D:1      | Iskender the Hill Orc Berserker began the quest for the
                  | Orb.
     0 | D:1      | Reached XP level 1. HP: 19/19 MP: 1/1
   279 | D:1      | Reached XP level 2. HP: 26/26 MP: 2/2
   319 | D:1      | Reached skill level 5 in Axes
   441 | D:1      | Reached XP level 3. HP: 31/31 MP: 3/3
   617 | D:1      | Reached ** piety under Trog
  1134 | D:2      | Reached skill level 6 in Axes
  1318 | D:2      | Reached XP level 4. HP: 39/39 MP: 4/4
  1404 | D:2      | Found an iron altar of Okawaru.
  1960 | D:3      | Noticed Terence
  1962 | D:3      | Reached skill level 7 in Axes
  1991 | D:3      | Killed Terence
  1991 | D:3      | Reached XP level 5. HP: 38/45 MP: 5/5
  2191 | D:3      | Reached *** piety under Trog
  2445 | D:4      | Reached skill level 8 in Axes
  2630 | D:4      | Found a radiant altar of Vehumet.
  2634 | D:4      | Found a shimmering altar of Xom.
  2635 | D:4      | Found a shadowy altar of Dithmenos.
  2637 | D:4      | Found a shattered altar of Ashenzari.
  2640 | D:4      | Found an opulent altar of Gozag.
  2640 | D:4      | Found a hide-covered altar of Uskayaw.
  2640 | D:4      | Found an ancient bone altar of Kikubaaqudgha.
  2643 | D:4      | Found a burning altar of Makhleb.
  2766 | D:4      | Reached XP level 6. HP: 27/51 MP: 6/6
  3042 | D:4      | Found an ornate altar of the Wu Jian Council.
  3083 | D:4      | Reached skill level 9 in Axes
  3402 | D:5      | Entered Level 5 of the Dungeon
  3510 | D:5      | Reached skill level 10 in Axes
  3510 | D:5      | Reached XP level 7. HP: 51/57 MP: 7/7
  3642 | D:5      | Reached **** piety under Trog
  3647 | D:5      | Reached skill level 1 in Throwing
  3958 | D:5      | Noticed Dowan
  3963 | D:5      | Noticed Duvessa
  3978 | D:5      | Killed Duvessa
  3993 | D:5      | Killed Dowan
  4168 | D:5      | Reached XP level 8. HP: 52/64 MP: 8/8
  4290 | D:6      | Received a gift from Trog
  4454 | D:6      | Found a sparkling altar of Nemelex Xobeh.
  4537 | D:6      | Reached skill level 11 in Axes
  4569 | D:6      | Found a sand-covered staircase.
  4574 | Ossuary  | Entered an ossuary
  4937 | Ossuary  | Reached skill level 12 in Axes
  5010 | Ossuary  | Reached ***** piety under Trog
  5195 | D:6      | Found a bloodstained altar of Trog.
  5243 | D:6      | Found a snail-covered altar of Cheibriados.
  5542 | D:6      | Received a gift from Trog
  5542 | D:6      | Reached skill level 5 in Fighting
  5808 | D:7      | Found Dalysor's Antique Armour Emporium.
  5920 | D:7      | Found a staircase to the Ecumenical Temple.
  5934 | Temple   | Entered the Ecumenical Temple
  6211 | D:7      | Found a glowing silver altar of Zin.
  6212 | D:7      | Noticed Joseph
  6234 | D:7      | Killed Joseph
  6234 | D:7      | Reached XP level 9. HP: 71/75 MP: 9/9
  6456 | D:7      | Reached skill level 5 in Shields
  6700 | D:8      | Noticed a manticore
  6709 | D:8      | HP: 3/79 [manticore (1)]
  6713 | D:8      | Slain by a manticore

Skill      XL: |  1  2  3  4  5  6  7  8  9 |
---------------+----------------------------+-----
Axes           | 5 6 7 8 10 12 | 12.0
Throwing       | 4 |  4.1
Fighting       | 6 7 |  7.2
Shields        | 4 5 |  5.0
Armour         | |  2.1
Dodging        | |  1.5

Action                   |  1- 3 |  4- 6 |  7- 9 || total
-------------------------+-------+-------+-------++-------
Melee: Hand axe          |   118 |   269 |       ||   387
       War axe           |       |       |   359 ||   359
Throw: Stone             |     1 |    13 |    19 ||    33
       Javelin           |       |       |     2 ||     2
Invok: Berserk           |       |       |     5 ||     5
       Brothers in Arms  |       |       |     1 ||     1
  Use: Scroll            |     5 |     1 |    12 ||    18
       Potion            |       |       |     6 ||     6
 Stab: Sleeping          |     1 |       |       ||     1
  Eat: Chunk             |     1 |     7 |     9 ||    17
       Ration            |       |       |     2 ||     2
Armor: Animal skin       |    37 |     7 |       ||    44
       Chain mail        |       |   110 |   161 ||   271
       Skin              |       |       |     4 ||     4
Dodge: Dodged            |    81 |    90 |   120 ||   291
Block: Buckler           |       |       |    13 ||    13
